AoeStats
← KootH.

African Clearing

506249959Analyzed
4v4 RM · 19d ago on Sep 12, 2026· 64m 39s· 8 players
Game mode
Random Map
Map size
Large (8 player)
Population
200
Speed
Normal
Resources
Standard
Victory
Conquest
Starting age
Dark Age
Ending age
Imperial Age
RankedLock teamsTeams togetherTeam positionsShared explorationLock speedFull tech treeHidden civsTurbo modeCheats
Victory
Defeat
🇬🇷 Koreans · Greece
1426
+15
🇩🇪 Chinese · Germany
1404
+16
🇷🇺 Magyars · Russia
1388
+16
🇦🇷 Japanese · Argentina
1366
+17
🇨🇴 Vietnamese · Colombia
1457
-18
🇨🇴 Hindustanis · Colombia
1434
-17
🇲🇽 Persians · Mexico
1387
-16
🇨🇳 Mongols · China
1313
-13
laughing_parrot
10:29 Loom
14:24 Feudal Age
18:05 Castle Age
16:34 Double-Bit Axe
17:41 Gold Mining
23:31 Scale Barding Armor
23:26 Horse Collar
24:29 Bloodlines
25:07 Bow Saw
25:19 Husbandry
29:42 Chain Barding Armor
31:57 Wheelbarrow
33:06 Corvinian Army
35:02 Stone Mining
35:47 Gold Shaft Mining
36:54 Hand Cart
37:30 Town Watch
40:50 Imperial Age
40:10 Heavy Plow
40:22 Fletching
40:51 Padded Archer Armor
41:25 Bodkin Arrow
41:54 Ballistics
41:17 Treadmill Crane
42:34 Parthian Tactics
42:28 Leather Archer Armor
43:19 Thumb Ring
43:20 Heavy Cavalry Archer
44:16 Bracer
45:15 Ring Archer Armor
45:44 Recurve Bow
46:05 Conscription
47:37 Chemistry
48:00 Two-Man Saw
48:17 Hoardings
49:15 Murder Holes
49:31 Masonry
49:19 Light Cavalry
49:28 Elite Magyar Huszar
50:31 Hussar
56:15 Plate Barding Armor
56:59 Siege Engineers
61:16 Cavalier
62:24 Paladin
ttbenitez
2:52 Loom
13:00 Feudal Age
14:09 Double-Bit Axe
16:45 Forging
21:22 Fletching
25:24 Castle Age
24:03 Double-Bit Axe
24:39 Stone Mining
24:41 Gold Mining
26:16 Bow Saw
27:09 Bodkin Arrow
29:26 Horse Collar
32:28 Wheelbarrow
33:06 Padded Archer Armor
34:36 Heavy Plow
35:40 Hand Cart
39:59 Imperial Age
39:54 Iron Casting
39:19 Scale Mail Armor
39:31 Pikeman
40:11 Squires
40:29 Leather Archer Armor
40:43 Ballistics
41:45 Two-Man Saw
40:14 Capped Ram
41:14 Bracer
42:19 Chemistry
42:05 Conscription
42:34 Thumb Ring
45:28 Blast Furnace
44:43 Chain Mail Armor
44:59 Ring Archer Armor
44:16 Siege Ram
47:28 Halberdier
48:42 Plate Mail Armor
47:35 Elite Skirmisher
48:19 Elite Chu Ko Nu
58:38 Scale Barding Armor
59:05 Light Cavalry
59:56 Bloodlines
59:46 Husbandry
60:32 Chain Barding Armor
64:24 Plate Barding Armor
Caconero
12:31 Loom
14:17 Feudal Age
18:57 Castle Age
17:09 Stone Mining
17:37 Double-Bit Axe
20:16 Bow Saw
28:30 Fletching
33:13 Yasama
45:59 Wheelbarrow
53:35 Bodkin Arrow
55:30 Gold Mining
55:24 Horse Collar
56:25 Guard Tower
57:46 Ballistics
59:48 Treadmill Crane
60:37 Hand Cart
60:57 Murder Holes
63:32 Imperial Age
61:56 Gold Shaft Mining
61:25 Town Watch
61:53 Masonry
62:24 Town Patrol
64:15 Bracer
64:04 Arrowslits
64:57 Keep
Zzulu
7:34 Loom
14:08 Feudal Age
18:31 Castle Age
17:01 Fletching
32:01 Bodkin Arrow
34:14 Double-Bit Axe
45:55 Imperial Age
44:33 Wheelbarrow
44:26 Husbandry
45:11 Town Watch
47:22 Bracer
47:13 Elite War Wagon
48:14 Conscription
49:12 Thumb Ring
51:26 Chemistry
50:47 Ballistics
Bad Panda
3:14 Loom
12:14 Feudal Age
12:47 Double-Bit Axe
15:09 Forging
16:35 Town Watch
20:21 Fletching
25:06 Scale Mail Armor
31:21 Castle Age
30:34 Arson
40:26 Bodkin Arrow
42:23 Wheelbarrow
44:21 Scale Barding Armor
44:54 Iron Casting
47:20 Wheelbarrow
47:57 Husbandry
48:26 Bloodlines
51:55 Chain Barding Armor
57:14 Imperial Age
56:57 Cavalier
59:19 Plate Barding Armor
59:46 Blast Furnace
59:28 Light Cavalry
63:04 Thumb Ring
KootH.
3:59 Loom
12:59 Feudal Age
18:56 Castle Age
27:34 Double-Bit Axe
29:58 Bow Saw
39:31 Horse Collar
42:33 Fletching
45:22 Bodkin Arrow
48:51 Wheelbarrow
48:29 Padded Archer Armor
48:40 Heavy Plow
51:22 Hand Cart
51:28 Leather Archer Armor
56:30 Imperial Age
54:53 Thumb Ring
54:14 Elite Skirmisher
54:25 Elite Skirmisher
55:11 Thumb Ring
58:37 Hoardings
59:06 Chemistry
58:26 Ballistics
60:02 Bracer
64:19 Ring Archer Armor
63:27 Pikeman
64:07 Squires
Viva Cristo
12:28 Feudal Age
12:34 Man-at-Arms
13:49 Double-Bit Axe
26:15 Castle Age
27:12 Bow Saw
26:32 Long Swordsman
27:24 Squires
28:49 Horse Collar
31:54 Heavy Plow
32:30 Scale Mail Armor
34:04 Wheelbarrow
34:19 Loom
34:41 Stone Mining
34:42 Gold Mining
36:19 Scale Barding Armor
36:41 Hand Cart
36:42 Forging
36:58 Husbandry
38:46 Chain Barding Armor
40:53 Iron Casting
41:19 Gold Shaft Mining
41:19 Stone Shaft Mining
42:24 Bloodlines
42:46 Chain Mail Armor
46:48 Imperial Age
44:24 Town Watch
46:52 Heavy Camel Rider
48:11 Plate Barding Armor
57:03 Chemistry
57:12 Blast Furnace
57:27 Ballistics
56:58 Fletching
57:08 Padded Archer Armor
57:29 Thumb Ring
57:13 Elite Skirmisher
58:18 Bodkin Arrow
59:11 Conscription
59:38 Leather Archer Armor
60:27 Bracer
61:43 Ring Archer Armor
Anil
12:41 Feudal Age
15:27 Bloodlines
21:25 Castle Age
21:56 Town Watch
21:57 Loom
22:48 Wheelbarrow
22:09 Horse Collar
23:29 Fletching
24:07 Padded Archer Armor
30:12 Leather Archer Armor
31:18 Bodkin Arrow
33:44 Ballistics
36:01 Gold Mining
37:03 Hand Cart
39:37 Thumb Ring
44:26 Imperial Age
44:13 Gold Shaft Mining
44:36 Elite Mangudai
45:38 Conscription
45:26 Bracer
46:29 Chemistry
46:10 Parthian Tactics
48:14 Stone Mining
49:29 Capped Ram
50:34 Drill
51:05 Double-Bit Axe
51:06 Siege Ram
51:21 Siege Ram
53:02 Elite Skirmisher
Connection lost

Rejoining the realm…

Still unreachable

The connection could not be restored.

Session expired

The server has moved on; the page needs a fresh start.